Cogmind - Beta 13 @@@ ROGUE MODE // 2024.05.26 @ 22:37:39 Player: Some Pennies Result: Destroyed by G-47 Trooper with Particle Gun Performance ------------- Evolutions (2) 1000 Regions Visited (7) 1400 Robots Destroyed (53) 265 Value Destroyed (642) 642 Prototype IDs (41) 820 Alien Tech Used (0) 0 Bonus (489) 489 TOTAL SCORE: 4616 Bonus ------- High Alert Combat Kills 22 Follower Combat Kills 267 Aligned with FarCom 300 Friendly Fire -100 Cogmind --------- Core Integrity 0/550 Matter 100/300 Energy 100/100 System Corruption 0% Temperature Cool (9) Movement Core (250) Ox4 Location -8/Materials Parts ------- > --- POWER (1) -------- (None) > --- PROPULSION (4) --- (None) > --- UTILITY (4) ------ Medium Storage Unit Hacking Suite Hacking Suite > --- WEAPON (2) ------- Powered Hammer > --- INVENTORY (10) --- Improved Flight Unit Medium Storage Unit Advanced Visual Processing Unit ECM Suite Latent Energy Streamer Minigun Mini Grenade Launcher Missile Launcher Peak State ------------ > --- POWER ------------ Light Ion Engine > --- PROPULSION ------- Improved Flight Unit Improved Flight Unit Improved Flight Unit Improved Flight Unit > --- UTILITY ---------- Medium Storage Unit Experimental Sensor Array > --- WEAPON ----------- Latent Energy Streamer Light Assault Rifle > --- INVENTORY -------- Improved Flight Unit Improved Flight Unit ECM Suite Hacking Suite Light Assault Rifle Light Assault Rifle Mini Grenade Launcher Mini Grenade Launcher Plasma Cutter Hammer [Rating: 35] Favorites ----------- Power Light Ion Engine Engine Light Ion Engine Power Core Light Nuclear Core Propulsion Improved Flight Unit Flight Unit Improved Flight Unit Utility Medium Storage Unit Device Seismic Detector Storage Medium Storage Unit Hackware Hacking Suite Protection Propulsion Shielding Weapon Light Assault Rifle Energy Gun Improved Medium Laser Energy Cannon Latent Energy Streamer Ballistic Gun Light Assault Rifle Launcher Mini Grenade Launcher Special Weapon Plasma Cutter Impact Weapon Powered Hammer Special Melee Weapon Improved Datajack Build | -11 -10 -10 -9 -9 -9 -8 -8 ------- Run | Yrd Mat Min Mat Min Exi Min Mat Slots Evolved 4 | . . . 2 . . . 2 Power . | . . . . . . . . Propulsion 2 | . . . 2 . . . . Utility 2 | . . . . . . . 2 Weapon . | . . . . . . . . Parts Attached 87 | 3 19 . 24 12 3 3 23 Power 10 | . 4 . 3 . . . 3 Engine 8 | . 4 . 3 . . . 1 Core 2 | . . . . . . . 2 Reactor . | . . . . . . . . Propulsion 16 | . 4 . 11 . . . 1 Treads . | . . . . . . . . Leg . | . . . . . . . . Wheel . | . . . . . . . . Hover . | . . . . . . . . Flight 16 | . 4 . 11 . . . 1 Utility 17 | 1 3 . 2 5 . . 6 Device 7 | . 1 . . 4 . . 2 Storage 3 | 1 2 . . . . . . Processor . | . . . . . . . . Hackware 2 | . . . . . . . 2 Protection 5 | . . . 2 1 . . 2 Artifact . | . . . . . . . . Weapon 44 | 2 8 . 8 7 3 3 13 Energy Gun 3 | . . . 1 . . . 2 Energy Cannon 1 | . . . . . 1 . . Ballistic Gun 21 | 2 6 . 5 3 . 2 3 Ballistic Cannon . | . . . . . . . . Launcher 11 | . 2 . 2 4 . 1 2 Special Weapon 2 | . . . . . . . 2 Impact Weapon 2 | . . . . . 1 . 1 Slashing Weapon . | . . . . . . . . Piercing Weapon . | . . . . . . . . Special Melee Weapon 4 | . . . . . 1 . 3 Unidentified Prototypes 4 | . . . 1 1 . . 2 Parts Lost 17 | . 2 . 5 1 . . 9 Power 6 | . 1 . 2 . . . 3 Propulsion 9 | . 1 . 3 . . . 5 Utility 1 | . . . . 1 . . . Weapon 1 | . . . . . . . 1 Highest Loss Streak 6 | . 2 . 2 1 . . 6 To Critical Strikes . | . . . . . . . . Average Slot Usage (%) 95 | . 96 100 92 99 86 88 89 Engine 10 | . 12 14 9 11 11 11 3 Flight 33 | . 27 28 38 44 44 44 33 Device 8 | . 14 14 1 9 3 . 1 Storage 11 | . 13 14 11 11 11 11 9 Hackware 2 | . . . . . . . 17 Protection 2 | . . . 9 1 . . 3 Ballistic Gun 21 | . 26 28 21 20 11 22 6 Naked Turns . | . . . . . . . . Heaviest Build 22 | 3 16 16 18 18 16 15 22 Greatest Support 20 | 3 8 8 20 20 20 20 20 Greatest Overweight (x) 4 | . 1 1 4 . . . 4 Average Overweight (x) . | . . 1 . . . . . Largest Inventory Capacity 10 | 8 10 10 10 10 10 10 10 Average Capacity 9 | 5 9 10 10 10 10 10 10 Most Carried 10 | 4 10 10 10 10 10 10 10 Average Carried 9 | 2 8 10 9 9 9 10 9 Final Capacity 10 | 5 10 10 10 10 10 10 10 Final Carried 10 | 4 10 10 10 10 10 10 8 Class Distribution -------------------- 43% | Scavenger-Mutant 19% | Sprinter 14% | Hacker-Sprinter 11% | Mutant 9% | Scavenger-Sprinter Dominant Class ---------------- Scavenger-Mutant | -10/Materials Scavenger-Mutant | -10/Mines Scavenger-Sprinter | -9/Materials Sprinter | -9/Mines Sprinter | -9/Exiles Sprinter | -8/Mines Hacker-Sprinter | -8/Materials Resources | -11 -10 -10 -9 -9 -9 -8 -8 ----------- Run | Yrd Mat Min Mat Min Exi Min Mat Matter Collected 1344 | 282 212 88 260 19 308 20 155 Remotely . | . . . . . . . . Salvage Created 1069 | 180 329 . 334 29 . 20 177 Parts 103 | 16 33 . 27 6 . 4 17 Haulers Intercepted 5 | . 2 . 2 . . . 1 Recyclers Shooed 2 | . . . 2 . . . . Parts Field Recycled . | . . . . . . . . Retrieved Matter . | . . . . . . . . Parts Self-Destructed . | . . . . . . . . Prevented . | . . . . . . . . Kills | -11 -10 -10 -9 -9 -9 -8 -8 ------- Run | Yrd Mat Min Mat Min Exi Min Mat Combat Hostiles Destroyed 33 | . 8 . 8 6 . 3 8 Guns 11 | . 2 . 4 2 . 1 2 AOE 22 | . 6 . 4 4 . 2 6 Classes Destroyed 11 | 2 5 . 1 . . 1 2 Worker 1 | . . . . . . . 1 Builder 1 | . 1 . . . . . . Tunneler 5 | 5 . . . . . . . Hauler 5 | . 2 . 2 . . . 1 Recycler 4 | 1 1 . 2 . . . . Operator 1 | . . . 1 . . . . Watcher 2 | . 2 . . . . . . Swarmer 27 | . 6 . 6 6 . 3 6 Grunt 4 | . 2 . 2 . . . . Sentry 2 | . . . . . . . 2 Zionite 1 | . . . . . . 1 . Best Kill Streak 7 | 5 4 . 5 3 . 3 7 Combat Bots Only 6 | . 3 . 5 3 . 3 6 Max Kills in Single Turn 4 | 1 3 . 2 2 . 3 4 Gunslinging . | . . . . . . . . Exploded 4 | . 2 . 2 2 . 2 4 Melee . | . . . . . . . . Uniques/NPCs Destroyed . | . . . . . . . . Combat | -11 -10 -10 -9 -9 -9 -8 -8 -------- Run | Yrd Mat Min Mat Min Exi Min Mat Hostile Shots Fired 323 | . 37 . 75 23 . 3 185 Missed 132 | . 13 . 29 11 . . 79 Damage Taken 2586 | . 303 . 632 154 . 66 1431 Core 893 | . 101 . 175 25 . 30 562 Absorbed by Shields 40 | . . . . . . . 40 Redirected to Shielding 31 | . . . 31 . . . . Regen/Repaired (Parts) 15 | . 15 . . . . . . Core Remaining (%) 67 | 100 . 59 . . . 42 . Volleys Fired 151 | 25 42 . 51 9 . 2 22 Largest 2 | 2 2 . 2 2 . 2 2 Hottest 76 | 40 50 . 50 60 . 40 76 Shots Fired 275 | 34 84 . 102 17 . 3 35 Gun 254 | 34 80 . 96 11 . 2 31 Cannon . | . . . . . . . . Launcher 21 | . 4 . 6 6 . 1 4 Special . | . . . . . . . . Kinetic 250 | 34 80 . 96 11 . 2 27 Thermal 4 | . . . . . . . 4 Explosive 21 | . 4 . 6 6 . 1 4 Electromagnetic . | . . . . . . . . Robot Hit Streak 11 | 4 11 . 8 1 . 3 8 Robot Miss Streak 3 | 2 2 . 3 3 . . 1 Penetration Max . | . . . . . . . . Secondary Targets . | . . . . . . . . Shots Hit Robots 161 | 20 53 . 56 1 3 3 25 Core Hits 91 | 10 30 . 28 6 . 5 12 Critical Kills 1 | . . . . 1 . . . Critical Parts Destroyed 3 | . 1 . 2 . . . . Critical Strikes 4 | . 1 . 2 1 . . . Destroy 4 | . 1 . 2 1 . . . Melee Attacks 3 | . . . . . 3 . . Impact . | . . . . . . . . Slashing . | . . . . . . . . Piercing . | . . . . . . . . Sneak Attacks 3 | . . . . . 3 . . Combat Hostiles . | . . . . . . . . Follow-up Attacks . | . . . . . . . . Damage Inflicted 3242 | 190 789 . 960 258 . 215 830 Guns 1564 | 190 441 . 484 16 . 15 418 Cannons . | . . . . . . . . Explosions 1678 | . 348 . 476 242 . 200 412 Melee . | . . . . . . . . Ramming . | . . . . . . . . Kinetic 1511 | 190 441 . 484 16 . 15 365 Thermal 53 | . . . . . . . 53 Explosive 1678 | . 348 . 476 242 . 200 412 Electromagnetic . | . . . . . . . . Impact . | . . . . . . . . Slashing . | . . . . . . . . Piercing . | . . . . . . . . Highest Corruption 1 | . 1 1 . . . . . Average Corruption 1 | . 1 1 . . . . . Corruption Purged . | . . . . . . . . Corruption Blocked . | . . . . . . . . Effects 2 | . . 2 . . . . . Heat Flow Errors 1 | . . 1 . . . . . Data Loss (major) 1 | . . 1 . . . . . Overload Shots . | . . . . . . . . Overflow Damage 47 | . . . . 18 . . 29 Projectiles . | . . . . . . . . Explosions 47 | . . . . 18 . . 29 Melee . | . . . . . . . . Knockbacks . | . . . . . . . . Impact . | . . . . . . . . Kinetic . | . . . . . . . . Secondary . | . . . . . . . . Self-Inflicted Damage 194 | . 31 . 74 49 . 40 . Shots 5 | . 1 . 2 1 . 1 . Rammed . | . . . . . . . . Targets Rammed . | . . . . . . . . Kicked . | . . . . . . . . Crushed . | . . . . . . . . Highest Temperature 222 | . 26 222 16 24 . 2 88 Average Temperature 14 | . 5 114 5 8 . 1 15 Received Heat Transfer 990 | . 105 . 159 15 . . 711 Siege Activations . | . . . . . . . . Robots Corrupted . | . . . . . . . . Combat Hostiles . | . . . . . . . . Parts Fried . | . . . . . . . . Impact Corruptions . | . . . . . . . . Robots Melted . | . . . . . . . . Combat Hostiles . | . . . . . . . . Parts Melted . | . . . . . . . . Heat Transferred 111 | . . . . . . . 111 Parts Sabotaged . | . . . . . . . . Parts Stolen . | . . . . . . . . Parts Stripped . | . . . . . . . . Power Chain Reactions . | . . . . . . . . Alert | -11 -10 -10 -9 -9 -9 -8 -8 ------- Run | Yrd Mat Min Mat Min Exi Min Mat Peak Influence 547 | 30 242 135 547 386 . 107 439 Initial 172 | . 19 44 25 172 . . 41 Average 160 | 11 127 87 282 218 . 83 158 Maximum Alert Level 2 | . 1 . 2 1 . . 2 Low Security (%) 61 | 100 74 100 27 15 . 100 64 Level 1 32 | . 25 . 47 84 . . 29 Level 2 5 | . . . 24 . . . 6 Level 3 . | . . . . . . . . Level 4 . | . . . . . . . . Level 5 . | . . . . . . . . High Security . | . . . . . . . . Max Security . | . . . . . . . . Squads Dispatched 8 | . 1 . 4 . . . 3 Investigation 4 | . 1 . 2 . . . 1 Extermination . | . . . . . . . . Reinforcement 4 | . . . 2 . . . 2 Assault . | . . . . . . . . Garrison . | . . . . . . . . Intercept . | . . . . . . . . Searches Triggered . | . . . . . . . . Construction Impeded . | . . . . . . . . Haulers Reinforced . | . . . . . . . . Active Scanning Responses . | . . . . . . . . Cargo Convoy Interrupts . | . . . . . . . . Stealth | -11 -10 -10 -9 -9 -9 -8 -8 --------- Run | Yrd Mat Min Mat Min Exi Min Mat Distress Signals 7 | . 1 . 2 . . . 4 Communications Jammed . | . . . . . . . . Distress Signals . | . . . . . . . . Times Spotted 128 | . 21 3 34 6 . 6 58 Peak Tracking Total 21 | . 4 3 6 3 . 3 21 Tactical Retreats 16 | . 2 . 2 1 . . 11 Traps | -11 -10 -10 -9 -9 -9 -8 -8 ------- Run | Yrd Mat Min Mat Min Exi Min Mat Traps Triggered 2 | . 1 . 1 . . . . Indirectly . | . . . . . . . . Trap Hack Attempts . | . . . . . . . . Triggered . | . . . . . . . . Disarmed . | . . . . . . . . Reprogrammed . | . . . . . . . . Reused . | . . . . . . . . Traps Extracted . | . . . . . . . . Installed 4 | . . 4 . . . . . Triggered . | . . . . . . . . Machines | -11 -10 -10 -9 -9 -9 -8 -8 ---------- Run | Yrd Mat Min Mat Min Exi Min Mat Machines Disabled 1 | . . . 1 . . . . Max in Single Turn 1 | . . . 1 . . . . Machines Repaired . | . . . . . . . . Machines Dismantled . | . . . . . . . . Machines Sabotaged . | . . . . . . . . Overloaded Fab Kills . | . . . . . . . . Hacking | -11 -10 -10 -9 -9 -9 -8 -8 --------- Run | Yrd Mat Min Mat Min Exi Min Mat Machines Accessed 18 | . 8 . 5 . 1 . 4 Terminals 14 | . 6 . 4 . . . 4 Fabricators . | . . . . . . . . Repair Stations 1 | . 1 . . . . . . Recycling Units 1 | . 1 . . . . . . Scanalyzers 1 | . . . 1 . . . . Garrison Access . | . . . . . . . . Total Hacks 62 | . 31 . 13 . 1 . 17 Successful 29 | . 13 . 5 . 1 . 10 Failed 32 | . 18 . 8 . . . 6 Catastrophic 3 | . 1 . 1 . . . 1 Database Lockouts 1 | . . . . . . . 1 Manual 35 | . 16 . 5 . 1 . 13 Terminals 49 | . 21 . 11 . . . 17 Fabricators . | . . . . . . . . Repair Stations 5 | . 5 . . . . . . Recycling Units 5 | . 5 . . . . . . Scanalyzers 2 | . . . 2 . . . . Garrison Access . | . . . . . . . . Terminal Hacks 20 | . 7 . 3 . 1 . 9 Part Schematic 2 | . 1 . . . . . 1 Robot Analysis 4 | . 3 . . . . . 1 Prototype ID Bank 2 | . 1 . 1 . . . . Branch Access Points 1 | . . . . . . . 1 Emergency Access Points 1 | . 1 . . . . . . Terminal Index 1 | . . . . . . . 1 Alert Level 1 | . . . . . . . 1 Unreport Threat 1 | . . . . . . . 1 Locate Traps 2 | . . . 1 . . . 1 Recall Reinforcements 1 | . . . . . . . 1 Zone Layout 3 | . 1 . 1 . . . 1 Derelict Proto ID Bank 1 | . . . . . 1 . . Fabricator Hacks . | . . . . . . . . Repair Station Hacks 3 | . 3 . . . . . . Scan Component 2 | . 2 . . . . . . Repair 1 | . 1 . . . . . . Recycling Unit Hacks 1 | . 1 . . . . . . Retrieve Components 1 | . 1 . . . . . . Scanalyzer 2 | . . . 2 . . . . Insert Component 1 | . . . 1 . . . . Analyze 1 | . . . 1 . . . . Garrison Access Hacks . | . . . . . . . . Unauthorized Hacks 3 | . 2 . . . . . 1 Terminals 3 | . 2 . . . . . 1 Assimilate 2 | . 2 . . . . . . Operators 1 | . . . . . . . 1 Fabricators . | . . . . . . . . Repair Stations . | . . . . . . . . Recycling Units . | . . . . . . . . Scanalyzers . | . . . . . . . . Garrison Access . | . . . . . . . . Data Cores Recovered . | . . . . . . . . Used . | . . . . . . . . Hacking Detections 16 | . 8 . 4 . . . 4 Full Trace Events 5 | . 3 . 1 . . . 1 Feedback Events . | . . . . . . . . Feedback Blocked . | . . . . . . . . Robot Schematics Acquired . | . . . . . . . . Robots Built . | . . . . . . . . Authchips . | . . . . . . . . Time . | . . . . . . . . Total Robot Build Rating . | . . . . . . . . Part Schematics Acquired 3 | . 1 . 1 . . . 1 Parts Built . | . . . . . . . . Authchips . | . . . . . . . . Time . | . . . . . . . . Total Part Build Rating . | . . . . . . . . Parts Repaired 1 | . 1 . . . . . . Time 36 | . 36 . . . . . . Parts Recycled . | . . . . . . . . Recycled Matter . | . . . . . . . . Retrieved Matter . | . . . . . . . . Retrieved Components 10 | . 10 . . . . . . Parts Scanalyzed 1 | . . . 1 . . . . Part Schematics Acquired 1 | . . . 1 . . . . Parts Damaged . | . . . . . . . . Bothacking | -11 -10 -10 -9 -9 -9 -8 -8 ------------ Run | Yrd Mat Min Mat Min Exi Min Mat Used RIF Installer . | . . . . . . . . Robots Hacked 3 | . . . . . 3 . . Non-combat 2 | . . . . . 2 . . Combat 1 | . . . . . 1 . . Robot Hacks Applied 3 | . . . . . 3 . . parse_system 3 | . . . . . 3 . . Relay Couplers Released . | . . . . . . . . Fabnet Peak Effective % . | . . . . . . . . Robots Rewired . | . . . . . . . . Allies Hacked . | . . . . . . . . Hacks Repelled . | . . . . . . . . Allies | -11 -10 -10 -9 -9 -9 -8 -8 -------- Run | Yrd Mat Min Mat Min Exi Min Mat Total Allies 6 | . 1 5 . . . . . Largest Group 5 | . 1 5 5 . . . . Highest-Rated Group 86 | . 10 86 86 . . . . Highest-Rated Ally 31 | . 10 31 31 . . . . Total Orders . | . . . . . . . . Ally Attacks 58 | . . 11 47 . . . . Total Damage 902 | . . 189 713 . . . . Kills 17 | . . 5 12 . . . . Allies Corrupted . | . . . . . . . . Allies Melted . | . . . . . . . . Intel | -11 -10 -10 -9 -9 -9 -8 -8 ------- Run | Yrd Mat Min Mat Min Exi Min Mat Robot Analysis Total 4 | . 3 . . . . . 1 Derelict Logs Recovered 4 | . . 3 . 1 . . . Drone Launches . | . . . . . . . . Drone Recoveries . | . . . . . . . . Exploration | -11 -10 -10 -9 -9 -9 -8 -8 ------------- Run | Yrd Mat Min Mat Min Exi Min Mat Turns Passed 3279 | 113 1062 465 534 419 179 25 482 Spaces Moved 3689 | 82 816 392 708 333 536 52 770 Core 99 | 82 15 . 1 . . . 1 Treads . | . . . . . . . . Legs . | . . . . . . . . Wheels . | . . . . . . . . Hover . | . . . . . . . . Flight 3590 | . 801 392 707 333 536 52 769 Fastest Speed 31 | 50 37 117 31 31 31 31 31 Average Speed 60 | 50 105 117 42 31 31 31 37 Slowest Speed 320 | 50 117 117 250 31 31 31 320 Overloaded Moves . | . . . . . . . . Propulsion Burnouts . | . . . . . . . . Robots Hopped 22 | . . . 7 2 . 1 12 Cave-ins Triggered . | . . . . . . . . Exploration Rate (%) 54 | 4 96 80 62 51 71 15 55 Regions Visited 7 Branch Regions 4 Pre-discovered Areas 1 | . . 1 . . . . . Known Exits Taken 2 | . . . 1 . . 1 . Unknown Exits Taken 5 | 1 1 1 . 1 1 . . Scrap Searched 2 | . . 1 . 1 . . . Spaces Dug 32 | . 19 . . . . . 13 Terrain Destroyed 186 | . 38 . 41 66 . 7 34 Melee . | . . . . . . . . Projectile . | . . . . . . . . AOE 186 | . 38 . 41 66 . 7 34 Terrain Rammed . | . . . . . . . . Walls Destroyed . | . . . . . . . . Machines Disabled . | . . . . . . . . Actions | -11 -10 -10 -9 -9 -9 -8 -8 --------- Run | Yrd Mat Min Mat Min Exi Min Mat Total 4477 | 125 948 398 850 626 547 56 927 Wait 458 | 9 36 3 47 272 . . 91 Move 3638 | 81 815 391 693 328 535 49 746 Hop 22 | . . . 7 2 . 1 12 Pick Up 55 | 6 23 . 10 2 2 . 12 Fast Attach 18 | . 1 . 9 . 1 . 7 Attach 31 | 3 9 . 6 1 1 . 11 Detach 7 | 1 2 . 1 . . . 3 Swap 38 | . 9 . 9 11 1 3 5 Drop 51 | . 11 . 17 1 4 1 17 Fire 151 | 25 42 . 51 9 . 2 22 Melee 3 | . . . . . 3 . . Ram . | . . . . . . . . Kick . | . . . . . . . . Crush . | . . . . . . . . Escape Stasis . | . . . . . . . . Rewire . | . . . . . . . . Trap 4 | . . 4 . . . . . Miscellaneous 1 | . . . . . . . 1 Route ------- -11/Scrapyard -10/Materials (discovered 4 exits: *Mat x3 / [*Min]) -10/Mines (discovered 2 exits: *Mat x2) -9/Materials (discovered 4 exits: *Mat x2 / *Min x2) -9/Mines (discovered 3 exits: *Mat x2 / *Exi) -9/Exiles -8/Mines -8/Materials (discovered 1 exit: Sto) History --------- Turn | Location | Event 6 | -11/Scrapyard | Discovered new exit (range 16) 114 | -11/Scrapyard | Entered Materials 167 | -10/Materials | Discovered new exit (range 16) 306 | -10/Materials | Build established: Mutant 361 | -10/Materials | Discovered new exit (range 11) 739 | -10/Materials | Repaired Broken Flight Unit 800 | -10/Materials | Build established: Scavenger-Mutant 805 | -10/Materials | Discovered new exit (range 15) 1036 | -10/Materials | Discovered new exit (range 15) 1176 | -10/Materials | Entered Mines 1283 | -10/Mines | Assisted by bots powering up and referring to "LRC-V3" 1301 | -10/Mines | Found a hidden stash of uninstalled traps 1315 | -10/Mines | Learned location of 1 exit from Materials 1546 | -10/Mines | Discovered new exit (range 15) 1549 | -10/Mines | Learned location of 1 exit from Materials 1555 | -10/Mines | Learned location of Zion (-6) 1624 | -10/Mines | Discovered new exit (range 10) 1641 | -10/Mines | Entered Materials 1641 | -9/Materials | Accompanied by 5 allies 1641 | -9/Materials | Evolved 2 slots: Propulsion x2 1642 | -9/Materials | Identified exit to Mines 1642 | -9/Materials | Identified exit to Materials 1646 | -9/Materials | Led the pair of lost Derelicts to an unsafe place 1740 | -9/Materials | Lost 3 allies 2129 | -9/Materials | Discovered exit to Materials (range 16) 2171 | -9/Materials | Discovered exit to Mines (range 12) 2175 | -9/Materials | Entered Mines 2183 | -9/Mines | Met a Derelict bent on vengeance 2186 | -9/Mines | Found a damaged Exp. Sensor Array with a note attached 2187 | -9/Mines | Found Prototype Device 2188 | -9/Mines | Identified Exp. Sensor Array 2210 | -9/Mines | Discovered exit to Materials (range 8) 2402 | -9/Mines | Build established: Sprinter 2593 | -9/Mines | Deemed a non-threat by the Exiles lab entrance 2593 | -9/Mines | Discovered new exit (range 5) 2594 | -9/Mines | Entered Exiles 2603 | -9/Exiles | Met 8R-AWN 2611 | -9/Exiles | Met EX-HEX 2621 | -9/Exiles | Met EX-BIN 2626 | -9/Exiles | Aligned with FarCom system 2627 | -9/Exiles | Given EX-Vault access code 2634 | -9/Exiles | Opened EX-Vault 2638 | -9/Exiles | Found Latent Energy Streamer 2648 | -9/Exiles | Warned to stay clear of 0b10 Research branches 2652 | -9/Exiles | Exiles lab attacked by MAIN.C 2769 | -9/Exiles | Discovered new exit (range 12) 2773 | -9/Exiles | Left Exiles lab with Latent Energy Streamer 2773 | -9/Exiles | Entered Mines 2776 | -8/Mines | Core integrity fell below 50% 2797 | -8/Mines | Discovered exit to Materials (range 7) 2798 | -8/Mines | Entered Materials 2798 | -8/Materials | Evolved 2 slots: Utility x2 3051 | -8/Materials | Identified exit to Storage 3057 | -8/Materials | Central database locked down 3067 | -8/Materials | Build established: Hacker-Sprinter 3180 | -8/Materials | Lost 3 parts (2p1n) 3253 | -8/Materials | Core integrity fell below 50% 3267 | -8/Materials | Core integrity fell below 20% 3280 | -8/Materials | Destroyed by G-47 Trooper with Particle Gun Last Messages --------------- 03249_ Imp. Datajack destroyed. 03249_ Critical hit (Burn: +37). 03249_ U-05 Engineer lays Concrete. 03249_ K-01 Serf destroyed. 03250_ K-01 Serf collects debris. 03250_ U-05 Engineer lays Concrete. 03251_ U-05 Engineer builds a Wall. 03253_ K-01 Serf collects debris. 03256_ U-05 Engineer lays Concrete. 03258_ U-05 Engineer builds a Door. 03259_ Critical hit (Burn: +37). 03266_ U-05 Engineer lays Concrete. 03269_ Imp. Flight Unit destroyed. 03270_ U-05 Engineer lays Concrete. 03271_ Critical hit (Burn: +37). 03272_ U-05 Engineer lays Concrete. 03275_ U-05 Engineer builds a Wall. 03276_ Hvy. Ion Engine destroyed. 03276_ Critical hit (Burn: +37). 03277_ Imp. Flight Unit destroyed. Map ----- +----------------------------------------------------+ | #???????????????????????????????? ????? | | #???????????????????????????????? #????? | | #???????????????????????????????? """ #????? | | #####?????????##########????????# " " """ #????? | | ??????????????# #????????# """ #????? | | ??????????????# "" "" ########## """ = #????? | | ??????????????# """"" # ## #????? | | ??????????????# """"" # ############+###### | | ??????????????# # == | | ??????????????# " " / [[ | | ??????????????# "T" # ] ![% | | ??????????????# """ # #######+########### | | ??????????????# # #???# #??????? | | ??????????????############# ####???# """ #??????? | | ???????????#####??????????# #??????# "T" #??????? | | ???????????# #?????????##+#####??# #??????? | | ???????????#!!!#?????????#![ !#??# #??????? | | ???????????#!!!#????????## """ #??# #??????? | | ???????????#!!!#????????#!="T" #??########??????? | | ???????????# #????????##%!! /##########???????? | | ?????????### [ #?????????#=[w ] # #???????? | | ????????##=%! #?????????#[ []*+ #???????? | | ######### =##u#############+#### #???????? | | %*!! gYkY g [! # #???????? | | =*=*= g [ [ kgg + #???????? | | = = o g u[[[ @ # #??###### | | +####### /######+###### # #??# | | # # # # # #??#= | | ] # # / / #??# "" | | #### """# ###### ########??# T" | | """ """ #??# """# ! #??# ##??????# "" | | """ """ #??# """# #??# #??????# | | """ """ #??# # #??# | !#??????###### | | ???######## !! #??## !] #???????????? | | ??????????# !! #???## #???????????? | | ########??????????# ! #????#/ ###?????????? | | ??????????????????##########????# [ ## ####?????? | | ?????????????????????????????#### % # ####### | | ????????????????????????###### ## # + | | ????????????????????????#[= ## # ####### | | ????????????????????????#[= ####+## """ #?????? | | ????????????????????????#[ ! + + """ #?????? | | ????????????????????????# #### ## """ #?????? | | ????????????????????????# #?## ## #?????? | | ????????????????????????# "T" #?# [###+########? | | ?????????????????????o??########?# +? | | ?????????????????????????????????# ! #####? | | ??????????????????# ############## #????? | | ??????????????????#"%" #????? | | ?????????????????????????### ### ##### #????? | +----------------------------------------------------+ Best States ------------- Heat Dissipation 31 Energy Generation 14 Energy Capacity 280 Matter Stores 300 Matter Capacity 300 Sight Range 16 Robot Scan Range 20 Terrain Scan Density 10 ECM Strength 1 Armor Coverage 150 Propulsion Shielding 33 Utility Shielding 33 Evasion (%) 63 Offensive Hacking 20 Item Schematics ----------------- Lgt. Armor Plating | -10/Materials | Hacked Imp. Flight Unit | -9/Materials | Scanalyzed Hacking Suite | -8/Materials | Hacked Robot Schematics ------------------ None Fabricated ------------ Nothing Alien Tech Used ----------------- None Achievements -------------- None Challenges ------------ None Game ------ Seed AntimatterDerelictPropulsion Manual? 0 Play Time 00:56:17 Cumulative 94.4 hours Start 2024.05.26 @ 21:37:39 End 2024.05.26 @ 22:37:39 Sessions 1 Manual Loads 0 Difficulty Rogue Special Mode None Game No. 83 Rogue 78 Adventurer 5 Explorer 0 Win Type - Total 1 Types 1/0/0/0/0/0/0/0/0 Lore% 44 Gallery% 55 Achievement% 40 Wizard Run 0 Options --------- Layout 2 ASCII 0 Keyboard 0 Movement Mouse Keybinds 0 Fullscreen 2 Font 24/Smallcaps Map View 50x44 Zoom Use 0% Tactical HUD 1 Map Filters NONE Filters NONE Steam 1 RUN: 771801a1-dfe3-4ab6-a6a5-2e35deb7cf87